 Dungeon Crawl Stone Soup version 0.22-b1-21-g5cfc1688f2 (webtiles) character file.

8714 Pisosu the Cleaver (level 11, -10/99 HPs)
             Began as a Minotaur Fighter on Aug 6, 2018.
             Was an Elder of Trog.
             Mangled by a sun demon (19 damage)
             ... summoned by an orc sorcerer
             ... on level 1 of the Orcish Mines.
             The game lasted 00:45:17 (11438 turns).

Pisosu the Cleaver (Minotaur Fighter)              Turns: 11438, Time: 00:45:17

Health: -10/99     AC: 20    Str: 24    XL:     11   Next: 13%
Magic:  10/10      EV:  7    Int:  5    God:    Trog [****..]
Gold:   391        SH:  8    Dex: 10    Spells: 10/10 levels left

rFire    . . .     SeeInvis .   K - +1 hand axe (freeze)
rCold    . . .     Gourm    .   B - +2 buckler
rNeg     . . .     Faith    .   s - +2 plate armour
rPois    .         Spirit   .   (helmet restricted)
rElec    .         Reflect  .   h - +0 cloak
rCorr    +         Harm     .   A - +0 pair of gloves
MR       ++...                  z - +0 pair of boots
Stlth    ..........             I - amulet of inaccuracy (curse)
HPRegen  1.26/turn              j - ring of resist corrosion
MPRegen  0.12/turn              (no ring)

@: regenerating
A: retaliatory headbutt, horns 2
a: Berserk, Trog's Hand, Brothers in Arms, Renounce Religion


You were on level 1 of the Orcish Mines.
You worshipped Trog.
Trog was greatly pleased with you.
You were not hungry.

You visited 3 branches of the dungeon, and saw 12 of its levels.

You collected 625 gold pieces.
You spent 234 gold pieces at shops.

Inventory:

Hand Weapons
 k - a +1 war axe
 K - a +1 hand axe of freezing (weapon)
Missiles
 r - 4 throwing nets
 C - a tomahawk (quivered)
Armour
 a - a +0 shield
 h - a +0 cloak (worn)
 q - the +2 helmet "Mixzaq" {Str+4, unknown}
   (You found it on level 4 of the Dungeon)

   It affects your strength (+4).
 s - a +2 plate armour (worn)
 y - the +5 scale mail of Fexozyo {MP+9}
   (You found it on level 8 of the Dungeon)

   It affects your magic capacity (+9).
 z - a +0 pair of boots (worn)
 A - a +0 pair of gloves (worn)
 B - a +2 buckler (worn)
 M - +0 acid dragon scales
Jewellery
 j - a ring of resist corrosion (left hand)
 I - a cursed amulet of inaccuracy (around neck)
Wands
 d - a wand of polymorph (25)
 w - a wand of digging (16)
 D - a wand of scattershot (4)
 E - a wand of disintegration (14)
 H - a wand of flame (38)
Scrolls
 e - 2 scrolls of blinking
 g - 3 scrolls of remove curse
 m - a scroll of magic mapping
 n - 6 scrolls of teleportation
 p - 6 scrolls of identify
 J - a scroll of fog {unknown}
 L - a scroll of enchant weapon
Potions
 c - 2 potions of flight {unknown}
 i - a potion of invisibility {unknown}
 l - 2 potions of lignification {unknown}
 o - a potion of experience {unknown}
 t - a potion of magic {unknown}
 u - 7 potions of curing {unknown}
 v - 2 potions of mutation {unknown}
 x - a potion of brilliance {unknown}
 F - a potion of haste {unknown}
Comestibles
 f - 13 rations


   Skills:
 + Level 10.0 Fighting
 + Level 13.4 Axes
 + Level 10.0 Armour
 + Level 9.2 Shields
 + Level 0.2 Evocations


You had 10 spell levels left.
You didn't know any spells.
Your spell library contained the following spells:

 Spells                   Type           Power        Failure   Level  Hunger
 Confuse                  Hex            #.......     100%        3    ####...
 Stone Arrow              Conj/Erth      #.....       100%        3    ####...
 Confusing Touch          Hex            #.....       99%         1    ##.....
 Passwall                 Tmut/Erth      #.......     100%        2    ###....
 Metabolic Englaciation   Hex/Ice        #.........   100%        5    ######.
 Lee's Rapid Deconstruct  Erth           #.........   100%        5    ######.
 Sandblast                Erth           #.....       99%         1    ##.....
 Petrify                  Tmut/Erth      #.......     100%        4    #####..
 Gell's Gravitas          Tloc           #.........   100%        3    ####...
 Yara's Violent Unravell  Hex/Tmut       #.........   100%        5    ######.


Dungeon Overview and Level Annotations

Branches:
Dungeon (10/15)            Temple (0/1) D:7            Lair (1/6) D:10
    Orc (1/2) D:10

Altars:
Dithmenos
Fedhas
Nemelex Xobeh
Sif Muna
Trog
Vehumet
Yredelemnul
The Shining One

Shops:
D:9 *   Orc:1 *


Innate Abilities, Weirdness & Mutations

You reflexively headbutt those who attack you in melee.
You have a pair of horns on your head.


Message History

You block the orc sorcerer's attack.
You miss the orc sorcerer.
The orc sorcerer is moderately wounded.
You hit the sun demon but do no damage. The sun demon closely misses you.
Okay, then.
You don't know any spells.
Your skin crawls.
You feel resistant to hostile enchantments.
You feel somewhat more hungry.
The orc sorcerer hits you with a dagger.
* * * LOW HITPOINT WARNING * * *
The sun demon hits you but does no damage.
You see here a tomahawk.
You see here a tomahawk.
Things that are here:
a throwing net; an enchanted flail The sun demon hits you!
* * * LOW HITPOINT WARNING * * *
You are engulfed in flames!!
You die...

....# #.. #... .....
.. .... ..$∩.####..
##....# .......$..
.#....# #.......#
......# ##..(..###
##..(..#
##...)..#)###..(...#
#......)<@3((((.(..#
#....#.).)o.....#....
..... ##........## .
.... #.#...#### ..#
###...# # #.....#
#........ ....#.#..


You could see a sun demon and an orc sorcerer.

Vanquished Creatures
  A two-headed ogre (D:9)
  An orc high priest (D:10)
  A deep elf mage (D:9)
  A black mamba (D:10)
  A troll (D:10)
  A hippogriff (D:10)
  Sigmund (D:5)
  A spriggan (D:7)
  A wraith (D:10)
  A hungry ghost (D:10)
  An acid dragon (D:10)
  A two-headed ogre zombie (D:10)
  2 wargs (D:10)
  Edmund (D:5)
  7 orc warriors (D:10)
  An ice beast (D:10)
  A hornet zombie (D:8)
  3 phantoms (D:10)
  A necrophage (D:7)
  3 centaurs
  4 ogres
  2 wolves (D:10)
  A crocodile (D:6)
  5 bullfrogs
  2 gnoll sergeants
  4 killer bees (D:8)
  A scorpion (D:6)
  2 troll zombies (D:10)
  8 wights
  A howler monkey (D:5)
  An electric eel (D:10)
  5 crimson imps
  A quasit (D:10)
  2 jellies
  11 orc priests
  7 hounds
  A centaur skeleton (D:6)
  2 gnoll shamans
  Natasha (twice) (D:2)
  Terence (D:2)
  2 iguanas (D:10)
  13 orc wizards
  3 worker ants
  5 ogre zombies (D:10)
  2 hound zombies
  Robin (D:2)
  15 gnolls
  A howler monkey skeleton (D:10)
  13 adders
  A shadow imp (D:6)
  2 oozes
  An adder skeleton (D:7)
  An adder zombie (D:6)
  2 worms
  A dart slug (D:1)
  2 leopard geckos
  59 orcs
  3 bats
  2 giant cockroaches (D:1)
  17 goblins
  6 hobgoblins
  5 jackals (D:3)
  5 kobolds
  A quokka (D:3)
  2 ball pythons (D:3)
  7 frilled lizards
  2 goblin skeletons (D:10)
  2 goblin zombies
  5 hobgoblin zombies
  9 orc skeletons
  17 orc zombies
  4 rats
  A bush (D:3)
306 creatures vanquished.

Notes
Turn   | Place    | Note
-------+----------+-------------------------------------------
     0 | D:1      | Pisosu the Minotaur Fighter began the quest for the Orb.
     0 | D:1      | Reached XP level 1. HP: 19/19 MP: 0/0
   298 | D:1      | Reached XP level 2. HP: 27/27 MP: 1/1
   846 | D:2      | Reached XP level 3. HP: 23/33 MP: 2/2
   915 | D:2      | Found a glowing golden altar of the Shining One.
  1023 | D:2      | Noticed Terence
  1030 | D:2      | Killed Terence
  1030 | D:2      | Reached skill level 3 in Axes
  1299 | D:2      | Noticed Robin
  1311 | D:2      | Reached XP level 4. HP: 40/40 MP: 3/3
  1340 | D:2      | Killed Robin
  1474 | D:2      | Noticed Natasha
  1483 | D:2      | Killed Natasha
  1772 | D:2      | Noticed Natasha
  1778 | D:2      | Killed Natasha
  1778 | D:2      | Reached skill level 4 in Axes
  1778 | D:2      | Reached XP level 5. HP: 47/47 MP: 4/4
  1901 | D:3      | Found a blossoming altar of Fedhas.
  2013 | D:3      | Found a basalt altar of Yredelemnul.
  2214 | D:3      | Reached skill level 5 in Armour
  2229 | D:3      | Reached skill level 5 in Axes
  2230 | D:3      | Reached XP level 6. HP: 32/55 MP: 5/5
  2423 | D:3      | Reached skill level 5 in Shields
  2726 | D:3      | Reached skill level 5 in Fighting
  3305 | D:4      | Got a transparent helmet
  3408 | D:4      | Reached skill level 6 in Axes
  3430 | D:4      | Found a deep blue altar of Sif Muna.
  3454 | D:4      | Reached XP level 7. HP: 61/61 MP: 6/6
  3605 | D:4      | Found a glowing golden altar of the Shining One.
  4094 | D:5      | Entered Level 5 of the Dungeon
  4112 | D:5      | Noticed Edmund
  4112 | D:5      | Noticed Sigmund
  4462 | D:5      | Reached skill level 7 in Axes
  4758 | D:5      | Killed Sigmund
  4758 | D:5      | Reached XP level 8. HP: 66/70 MP: 7/7
  4939 | D:5      | Killed Edmund
  4939 | D:5      | Reached skill level 8 in Axes
  5474 | D:6      | Reached skill level 9 in Axes
  5728 | D:6      | Found a bloodstained altar of Trog.
  5737 | D:6      | Became a worshipper of Trog the Wrathful
  6106 | D:6      | Reached XP level 9. HP: 79/79 MP: 8/8
  6387 | D:7      | Reached * piety under Trog
  6566 | D:7      | Reached skill level 10 in Axes
  6655 | D:7      | Found a staircase to the Ecumenical Temple.
  6839 | D:8      | Got a heavily runed scale mail
  6850 | D:8      | Identified the +5 scale mail of Fexozyo {MP+9} (You found it on level 8 of the Dungeon)
  7277 | D:8      | Found a radiant altar of Vehumet.
  7610 | D:8      | Reached skill level 11 in Axes
  7758 | D:9      | Noticed a two-headed ogre
  7759 | D:9      | Reached ** piety under Trog
  7768 | D:9      | Killed a two-headed ogre
  7785 | D:9      | Reached XP level 10. HP: 86/89 MP: 9/9
  7808 | D:9      | Found a shadowy altar of Dithmenos.
  7904 | D:9      | Found Lobonera's Assorted Antiques.
  7912 | D:9      | Bought a scroll of identify for 52 gold pieces
  7912 | D:9      | Bought a large iron ring for 130 gold pieces
  7912 | D:9      | Bought a scroll labeled SAMPE LINK for 26 gold pieces
  7912 | D:9      | Bought a scroll labeled SAVOXKE UHURU for 26 gold pieces
  8198 | D:9      | Found a sparkling altar of Nemelex Xobeh.
  8511 | D:9      | Noticed a deep elf mage
  8520 | D:9      | Killed a deep elf mage
  8520 | D:9      | Reached skill level 12 in Axes
  8608 | D:10     | Entered Level 10 of the Dungeon
  8681 | D:10     | Found a staircase to the Lair.
  9006 | D:10     | Found a staircase to the Orcish Mines.
  9066 | D:10     | Reached *** piety under Trog
 10265 | D:10     | Reached skill level 13 in Axes
 10281 | D:10     | Reached **** piety under Trog
 10554 | Lair:1   | Entered Level 1 of the Lair of Beasts
 10559 | Lair:1   | Noticed a black mamba
 10571 | D:10     | Killed a black mamba
 10653 | Orc:1    | Entered Level 1 of the Orcish Mines
 10653 | Orc:1    | Found Subicoko's Assorted Antiques.
 10672 | Orc:1    | Noticed an orc high priest
 10872 | D:10     | Noticed a sixfirhy
 10881 | D:10     | Killed an orc high priest
 10881 | D:10     | Reached XP level 11. HP: 99/99 MP: 10/10
 10922 | Orc:1    | Noticed an orc sorcerer
 11135 | D:10     | Reached skill level 10 in Fighting
 11190 | Orc:1    | Reached skill level 10 in Armour
 11425 | Orc:1    | Noticed a sun demon
 11438 | Orc:1    | Mangled by a sun demon

Skill      XL: |  1  2  3  4  5  6  7  8  9 10 11 |
---------------+----------------------------------+-----
Fighting       | 4 5 6 7 8 9 10 | 10.0
Armour         | 4 5 6 7 8 9 10 | 10.0
Shields        | 4 5 6 7 9 |  9.2
Axes           | 3 4 5 6 7 9 11 13 | 13.4
Evocations     | |  0.2

Action                   |  1- 3 |  4- 6 |  7- 9 | 10-12 || total
-------------------------+-------+-------+-------+-------++-------
Melee: War axe           |    85 |   179 |   370 |   313 ||   947
       Headbutt          |    16 |    38 |    75 |    58 ||   187
       Hand axe          |       |       |       |   105 ||   105
Throw: Tomahawk          |       |       |    39 |    19 ||    58
       Throwing net      |       |       |     1 |       ||     1
Invok: Berserk           |       |       |     1 |     6 ||     7
       Trog's Hand       |       |       |       |     1 ||     1
Evoke: Wand              |       |       |       |     2 ||     2
  Use: Scroll            |     1 |     8 |     5 |     6 ||    20
       Potion            |       |       |     1 |     6 ||     7
  Eat: Chunk             |     1 |     8 |    11 |    18 ||    38
       Ration            |       |       |     1 |     5 ||     6
Armor: Scale mail        |    32 |    19 |       |       ||    51
       Plate armour      |       |    39 |   133 |   250 ||   422
       Ring mail         |       |       |     6 |       ||     6
       Chain mail        |       |       |    13 |       ||    13
Dodge: Dodged            |    19 |    28 |    62 |   111 ||   220
Block: Shield            |    41 |    68 |    91 |       ||   200
       Buckler           |       |       |    38 |   148 ||   186
